 Dungeon Crawl Stone Soup version 0.28.0-45-g0d030f2227 (webtiles) character file.

Game seed: 17812382018679629387

2965 psko the Thaumaturge (level 9, -1/41 HPs)
             Began as a Spriggan Conjurer on Apr 23, 2022.
             Was an Initiate of Qazlal.
             Slain by a centaur (4 damage)
             ... on level 8 of the Dungeon.
             The game lasted 01:10:03 (12938 turns).

psko the Thaumaturge (Spriggan Conjurer)           Turns: 12938, Time: 01:10:03

Health: -1/41      AC:  2    Str:  5    XL:     9   Next: 52%
Magic:  20/24      EV: 19    Int: 22    God:    Qazlal [......]
Gold:   447        SH:  0    Dex: 13    Spells: 16/29 levels left

rFire   . . .      SeeInvis +   I - +5 hand axe (freeze)
rCold   . . .      Faith    .   (no shield)
rNeg    . . .      Spirit   .   a - +0 robe
rPois   .          Reflect  .   (helmet restricted)
rElec   .          Harm     .   (no cloak)
rCorr   +          Rampage  .   (gloves unavailable)
Will    +....                   (boots unavailable)
Stlth   +++.......              x - amulet of the acrobat
HPRegen 0.13/turn               q - ring of resist corrosion
MPRegen 0.19/turn               (no ring)

@: very quick
A: very small, no large weapons, unfitting armour, see invisible, speed 3
a: Renounce Religion


You were on level 8 of the Dungeon.
You worshipped Qazlal.
Qazlal was noncommittal.
You visited 2 branches of the dungeon, and saw 9 of its levels.

You collected 447 gold pieces.

Inventory:

Hand Weapons
 g - a +0 mace of protection
 k - a +3 dagger
 p - a +1 whip of pain
 u - a +3 dagger of draining
 y - a +4 mace of holy wrath
 F - a +2 dagger of venom
 H - a +4 dagger
 I - a +5 hand axe of freezing (weapon)
Armour
 a - a +0 robe (worn)
Magical Staves
 E - a staff of poison
Jewellery
 q - a ring of resist corrosion (left hand)
 x - an amulet of the acrobat (around neck)
Wands
 o - a wand of paralysis (5)
 A - a wand of polymorph (14)
 C - a wand of flame (75)
 G - a wand of acid (9)
Scrolls
 c - a scroll of magic mapping {unknown}
 d - 5 scrolls of fog
 e - 3 scrolls of fear
 h - 3 scrolls of blinking
 i - a scroll of enchant weapon
 l - 3 scrolls of teleportation
 m - 2 scrolls of immolation
 n - 2 scrolls of holy word {unknown}
 v - a scroll of summoning {unknown}
 B - a scroll of torment {unknown}
Potions
 b - 2 potions of invisibility
 f - 3 potions of curing
 j - 2 potions of haste {unknown}
 r - 2 potions of brilliance {unknown}
 s - a potion of lignification {unknown}
 t - a potion of berserk rage {unknown}
 w - 2 potions of flight {unknown}
 z - a potion of ambrosia {unknown}
 D - 2 potions of attraction {unknown}


   Skills:
 + Level 1.3 Fighting
 + Level 0.4 Short Blades
 + Level 1.5 Maces & Flails
 + Level 5.4 Dodging
 + Level 4.4 Stealth
 + Level 10.6 Spellcasting
 + Level 7.2 Conjurations
 + Level 0.5 Transmutations
 + Level 0.1 Earth Magic


You had 16 spell levels left.
You knew the following spells:

 Your Spells              Type           Power      Damage    Failure   Level
a - Magic Dart            Conj           100%       1d8       1%          1
b - Searing Ray           Conj           86%        2d7       1%          2
c - Passwall              Tmut/Erth      10%        N/A       8%          2
d - Fireball              Conj/Fire      13%        3d7       34%         5
e - Inner Flame           Hex/Fire       11%        N/A       17%         3

Your spell library contained the following spells:

 Spells                   Type           Power      Damage    Failure   Level
 Dazzling Flash           Conj/Hex       54%        N/A       3%          3
 Animate Skeleton         Necr           22%        N/A       6%          1
 Pain                     Necr           44%        1d6       6%          1
 Summon Small Mammal      Summ           44%        N/A       6%          1
 Wereblood                Tmut           13%        N/A       7%          2
 Ensorcelled Hibernation  Hex/Ice        22%        N/A       9%          2
 Sublimation of Blood     Necr           11%        N/A       9%          2
 Fulminant Prism          Conj/Hex       13%        3d9       13%         4
 Iskenderun's Mystic Bla  Conj/Tloc      27%        2d7       13%         4
 Spider Form              Tmut/Pois      12%        N/A       16%         3
 Call Canine Familiar     Summ           11%        N/A       17%         3
 Gell's Gravitas          Tloc           11%        N/A       17%         3
 Lesser Beckoning         Tloc           11%        N/A       17%         3
 Summon Guardian Golem    Hex/Summ       11%        N/A       17%         3
 Swiftness                Air            11%        N/A       17%         3
 Teleport Other           Tloc           11%        N/A       17%         3
 Vampiric Draining        Necr           11%        2d6       17%         3
 Irradiate                Conj/Tmut      14%        3d18      32%         5
 Anguish                  Hex/Necr       5%         N/A       50%         4
 Cause Fear               Hex            5%         N/A       50%         4
 Conjure Ball Lightning   Conj/Air       13%        3x3d6     89%         6
 Summon Hydra             Summ           5%         N/A       100%        7
 Discord                  Hex            5%         N/A       100%        8
 Disjunction              Tloc           5%         N/A       100%        8


Dungeon Overview and Level Annotations

Branches:
Dungeon (8/15)             Temple (1/1) D:7
   Lair: D:8-11

Altars:
Ashenzari
Dithmenos
Elyvilon
Fedhas
Gozag
Hepliaklqana
Makhleb
Nemelex Xobeh
Okawaru
Qazlal
Ru
Sif Muna
Trog
Uskayaw
Vehumet
Wu Jian
Xom
Yredelemnul
Zin
The Shining One


Innate Abilities, Weirdness & Mutations

You are very small and have problems with some larger weapons.
You are too small for most types of armour.
You have supernaturally acute eyesight. (SInv)
You cover ground extremely quickly. (Speed+++)


Message History

The centaur completely misses you. The centaur barely misses you.
You hit the centaur. You freeze the centaur.
The centaur is severely wounded.
The centaur misses you. The centaur kicks you. The centaur misses you.
The centaur barely misses you.
You closely miss the centaur.
The centaur is severely wounded.
The centaur hits you. The centaur kicks you.
The centaur hits you but does no damage.
The centaur kicks you.
You completely miss the centaur.
The centaur is severely wounded.
The centaur hits you.
* * * LOW HITPOINT WARNING * * *
The centaur closely misses you. The centaur hits you.
* * * LOW HITPOINT WARNING * * *
The centaur misses you.
Casting: Searing Ray (safe; 1% risk of failure)
Confirm with . or Enter, or press ? or * to list all spells.
Aiming: Searing Ray (safe; 1% risk of failure)
Press: ? - help, Shift-Dir - straight line, f - centaur
Aim: a centaur, quivering arrows (severely wounded, 89% to hit)
The searing ray hits the centaur.
The centaur is almost dead. (Press . to maintain the ray.)
The centaur barely misses you. The centaur closely misses you.
Casting: Searing Ray (safe; 1% risk of failure)
Confirm with . or Enter, or press ? or * to list all spells.
Restarting spell: Searing Ray (safe; 1% risk of failure)
Press: ? - help, Shift-Dir - straight line, f/p - centaur
Aim: a centaur, quivering arrows (almost dead, 89% to hit)
The searing ray hits the centaur.
The centaur is almost dead. (Press . to maintain the ray.)
The centaur hits you.
* * * LOW HITPOINT WARNING * * *
The centaur kicks you.
* * * LOW HITPOINT WARNING * * *
The centaur hits you.
You die...

## #######
.###...#
)[.....##
.[..##.)##
....####.##
.#..#
##.######
###.#
##.....####
# #.#
##.......###
##.
#####.@...#
.# ##c....#
.# #........
.........
......###
......##
......#
#...<...


You could see a centaur.

Vanquished Creatures
  The ghost of Faeu the Cleaver, a novice MiFi of Hepliaklqana (D:5)
  A hornet (D:6)
  A steam dragon (D:6)
  Menkaure (D:6)
  2 water moccasins
  2 ice beasts
  2 black bears
  A necrophage (D:8)
  2 ogres
  2 centaurs
  A bullfrog (D:6)
  2 scorpions
  A water moccasin zombie (D:5)
  3 wights (D:8)
  A howler monkey (D:6)
  2 centaur zombies
  4 hounds
  A jelly (D:6)
  An orc priest (D:5)
  A bullfrog skeleton (D:4)
  A gnoll shaman (D:6)
  A centaur skeleton (D:5)
  2 iguanas (D:5)
  4 orc wizards
  2 killer bee zombies
  A howler monkey zombie (D:8)
  7 gnolls
  9 adders
  A white imp (D:7)
  An ufetubus (D:6)
  2 worms
  2 dart slugs
  21 orcs
  7 ball pythons
  4 bats
  8 endoplasms
  2 giant cockroaches
  9 hobgoblins
  2 jackals (D:1)
  8 kobolds
  5 quokkas
  3 frilled lizards
  8 goblins
  4 rats
146 creatures vanquished.

Vanquished Creatures (others)
  2 withered plants (D:5)
2 creatures vanquished.

Grand Total: 148 creatures vanquished

Notes
Turn   | Place    | Note
-------+----------+-------------------------------------------
     0 | D:1      | psko the Spriggan Conjurer began the quest for the Orb.
     0 | D:1      | Reached XP level 1. HP: 9/9 MP: 5/5
   271 | D:1      | Reached XP level 2. HP: 13/13 MP: 0/6
   274 | D:1      | Learned a level 2 spell: Searing Ray
   277 | D:1      | Learned a level 2 spell: Passwall
  1143 | D:1      | You fall into a shaft and drop 1 floor!
  1295 | D:2      | Reached XP level 3. HP: 16/16 MP: 4/8
  1548 | D:2      | Reached skill level 3 in Spellcasting
  1693 | D:2      | Found a faded altar of an unknown god.
  1964 | D:2      | Reached XP level 4. HP: 21/21 MP: 8/10
  2213 | D:2      | Got the Collected Works on Shifting Confrontation
  2934 | D:3      | Reached skill level 4 in Spellcasting
  2934 | D:3      | Reached XP level 5. HP: 15/24 MP: 2/12
  3050 | D:3      | Noticed a water moccasin
  3167 | D:3      | Killed a water moccasin
  3946 | D:4      | Reached skill level 5 in Spellcasting
  3959 | D:4      | Reached XP level 6. HP: 28/28 MP: 8/14
  5095 | D:5      | Entered Level 5 of the Dungeon
  5137 | D:5      | Reached skill level 6 in Spellcasting
  5137 | D:5      | Reached XP level 7. HP: 20/32 MP: 3/17
  5316 | D:5      | Found a basalt altar of Yredelemnul.
  5471 | D:5      | Found a runed translucent door.
  5471 | D:5      | Noticed Faeu's ghost (novice MiFi)
  6436 | D:5      | Killed Faeu's ghost
  6437 | D:5      | Reached skill level 7 in Spellcasting
  6437 | D:5      | Reached skill level 5 in Conjurations
  6557 | D:5      | Found a white marble altar of Elyvilon.
  6691 | D:5      | Found a hazy altar of Hepliaklqana.
  6797 | D:5      | Reached XP level 8. HP: 37/37 MP: 10/20
  7033 | D:5      | Reached skill level 8 in Spellcasting
  7275 | D:5      | Found a large runed translucent door.
  7276 | D:5      | Found a large runed translucent door.
  7290 | D:5      | Found a hide-covered altar of Uskayaw.
  7343 | D:5      | Learned a level 5 spell: Fireball
  7440 | D:5      | Found a burning altar of Makhleb.
  8527 | D:6      | Noticed Menkaure
  8533 | D:6      | Killed Menkaure
  8534 | D:6      | Reached skill level 9 in Spellcasting
  8653 | D:6      | Found an ornate altar of the Wu Jian Council.
  8653 | D:6      | Found a glowing silver altar of Zin.
  8653 | D:6      | Found a stormy altar of Qazlal.
  8665 | D:6      | Became a worshipper of Qazlal Stormbringer
  8786 | D:6      | Found a shimmering blue altar of Sif Muna.
  9456 | D:6      | Learned a level 3 spell: Inner Flame
  9504 | D:6      | Reached XP level 9. HP: 40/40 MP: 18/23
 10485 | D:7      | Reached skill level 10 in Spellcasting
 10556 | D:7      | Found a staircase to the Ecumenical Temple.
 10597 | D:7      | Reached skill level 1 in Fighting
 10597 | D:7      | Reached skill level 5 in Dodging
 10599 | Temple   | Entered the Ecumenical Temple
 11020 | D:7      | HP: 2/41 [hornet (11)]
 11432 | D:6      | Reached skill level 1 in Maces & Flails
 12938 | D:8      | Slain by a centaur

Illustrated notes

Levels and vault maps discovered:
D:1:      wheals_arrival_shading, layout_basic, minmay_pentomino_z4
D:2:      layout_loops_ring, nicolae_ecumenical_pavilion, minmay_box_of_dots
D:3:      layout_basic
D:4:      layout_loops_ring, minmay_fractal_squares_gapless_5
D:5:      layout_basic, kennysheep_ying_yang,
          mainiacjoe_overflow_six_doors_small, jmf_multi_god_temple2,
          gammafunk_ghost_grave
D:6:      layout_loops_corners, gammafunk_temple_overflow_forgotten,
          lemuel_tele_altar, kennysheep_diamond, uniq_menkaure
D:7:      layout_rooms, minmay_temple_entry_statues_fountains
D:8:      layout_layer_cave, chequers_serial_rivers_small_3
Temple:   minmay_temple_curvy_loop

Skill      XL: |  1  2  3  4  5  6  7  8  9 |
---------------+----------------------------+-----
Conjurations   | 3 4 5 6 7 |  7.2
Spellcasting   | 3 4 5 6 7 9 10 | 10.6
Dodging        | 3 4 5 |  5.4
Stealth        | 4 |  4.4
Fighting       | 1 |  1.3
Maces & Flails | 1 |  1.5
Short Blades   | |  0.4
Transmutations | |  0.5
Earth Magic    | |  0.1

Action                   |  1- 3 |  4- 6 |  7- 9 || total
-------------------------+-------+-------+-------++-------
Melee: Mace              |     2 |     7 |    47 ||    56
       Dagger            |       |     1 |    13 ||    14
       Hand axe          |       |       |    14 ||    14
 Cast: Magic Dart        |    71 |   106 |   109 ||   286
       Searing Ray       |     6 |    37 |   175 ||   218
       Passwall          |       |       |     2 ||     2
  Use: Scroll            |     4 |     2 |     2 ||     8
Armor: Robe              |     1 |     3 |    16 ||    20
Dodge: Dodged            |     7 |    36 |   191 ||   234
